 Dungeon Crawl Stone Soup version 0.27-a0-346-ga689d4a613 (webtiles) character file.

Game seed: 1985196310209761630

803 jestyr24 the Digger (level 7, 0/41 HPs)
             Began as a Gargoyle Earth Elementalist on Feb 15, 2021.
             Slain by a wraith (2 damage)
             ... on level 5 of the Dungeon on Feb 16, 2021.
             The game lasted 00:26:08 (4708 turns).

jestyr24 the Digger (Gargoyle Earth Elementalist)   Turns: 4708, Time: 00:26:09

Health: 0/41       AC: 13    Str: 11    XL:     7   Next: 91%
Magic:  1/15       EV: 12    Int: 18    God:
Gold:   387        SH:  0    Dex: 10    Spells: 16/17 levels left

rFire    . . .     SeeInvis .   I - staff of air
rCold    . . .     Faith    +   (no shield)
rNeg     + . .     Spirit   .   c - +0 robe
rPois    ∞         Reflect  .   (no helmet)
rElec    +         Harm     .   (no cloak)
rCorr    .         Rampage  .   (no gloves)
Will     .....                  f - +1 pair of boots
Stlth    ++........             J - amulet of faith
HPRegen  0.13/turn              G - +4 ring of protection
MPRegen  0.14/turn              (no ring)

@: mighty, slowed, very slow
A: negative energy resistance 1, electricity resistance, unbreathing,
petrification resistance, miasma immunity, AC +4
a: no special abilities


You were on level 5 of the Dungeon.
You visited 1 branch of the dungeon, and saw 6 of its levels.

You collected 387 gold pieces.

Inventory:

Hand Weapons
 j - a +0 whip
 t - a +0 short sword of venom
 v - a +2 hunting sling of flaming
 B - a +0 rapier of venom
Missiles
 b - 65 stones
Armour
 c - a +0 robe (worn)
 f - a +1 pair of boots (worn)
 g - a +0 ring mail
 o - a +0 leather armour
 y - a +0 pair of boots
 A - a +0 chain mail
Magical Staves
 I - a staff of air (weapon)
Jewellery
 G - a +4 ring of protection (left hand)
 J - an amulet of faith (around neck)
Wands
 n - a wand of flame (16)
 D - a wand of digging (3)
Scrolls
 a - a scroll of fear
 e - 2 scrolls of blinking {unknown}
 h - 2 scrolls of teleportation {unknown}
 i - 2 scrolls of fog {unknown}
 m - a scroll of noise {unknown}
 p - a scroll of enchant weapon {unknown}
 w - 3 scrolls of identify {unknown}
 F - a scroll of enchant armour {unknown}
 H - a scroll of random uselessness {unknown}
Potions
 k - 4 potions of might
 l - a potion of berserk rage {unknown}
 q - 3 potions of curing {unknown}
 r - a potion of haste {unknown}
 s - a potion of resistance {unknown}
 u - 2 potions of flight {unknown}
 x - 2 potions of brilliance {unknown}
 z - 2 potions of degeneration {unknown}
 C - a potion of lignification {unknown}
 E - a potion of attraction {unknown}


   Skills:
 * Level 3.0 Fighting
 + Level 0.1 Short Blades
 * Level 3.4 Armour
 + Level 2.1 Dodging
 + Level 2.4 Stealth
 * Level 5.6 Spellcasting
 + Level 0.7 Transmutations
 + Level 5.7 Earth Magic


You had 16 spell levels left.
You knew the following spells:

 Your Spells              Type           Power        Failure   Level
a - Sandblast             Erth           50%          1%          1

Your spell library contained the following spells:

 Spells                   Type           Power        Failure   Level
 Passwall                 Tmut/Erth      13%          4%          2
 Stone Arrow              Conj/Erth      30%          12%         3
 Petrify                  Tmut/Erth      16%          32%         4
 Lee's Rapid Deconstruct  Erth           12%          32%         5


Dungeon Overview and Level Annotations

Branches:
Dungeon (6/15)
 Temple: D:4-7

Altars:
Ashenzari
Okawaru
Qazlal

Annotations:
D:5 2 runed translucent doors, HilariousDeathArtist's ghost, amateur SpAM


Innate Abilities, Weirdness & Mutations

You are resistant to torment.
Your stone body is resilient. (AC +4)
You are immune to poison.
You resist negative energy. (rN+)
You are resistant to electric shocks. (rElec)
You can survive without breathing.
You are immune to petrification.
You are immune to miasma.


Message History

The wraith hits you.
* * * LOW HITPOINT WARNING * * *
The wraith drains your vigour!
You feel as though you will be slow longer.
The sky beast hits you but does no damage.
The wraith misses you. The sky beast completely misses you.
Casting: Sandblast (safe; 1% risk of failure)
Confirm with . or Enter, or press ? or * to list all spells.
Aiming: Sandblast (safe; 1% risk of failure)
Press: ? - help, Shift-Dir - straight line, f/p - wraith
Aim: a wraith (19% to evade)
The blast of sand hits the wraith but does no damage.
The wraith hits you.
* * * LOW HITPOINT WARNING * * *
The wraith drains your vigour!
You feel as though you will be slow longer.
The sky beast hits you but does no damage.
As you read the scroll labelled KAKHEAKOGE, it crumbles to dust.
You assume a fearsome visage.
The wraith is unaffected.
The sky beast looks frightened!
It was a scroll of fear.
The wraith closely misses you. The wraith hits you but does no damage.
Casting: Sandblast (safe; 1% risk of failure)
Confirm with . or Enter, or press ? or * to list all spells.
Aiming: Sandblast (safe; 1% risk of failure)
Press: ? - help, Shift-Dir - straight line, f/p - wraith
Aim: a wraith (19% to evade)
The blast of sand hits the wraith but does no damage.
The wraith barely misses you.
As you read the scroll labelled JOYHAL SOHYVOO, it crumbles to dust.
You feel aware of your surroundings.
It was a scroll of magic mapping.
The wraith closely misses you. The wraith hits you.
* * * LOW HITPOINT WARNING * * *
It was a potion of might.
You feel very mighty all of a sudden. The wraith hits you.
* * * LOW HITPOINT WARNING * * *
You hit the wraith.
The wraith is lightly damaged.
The wraith hits you but does no damage. The wraith hits you.
You die...

##...#######...........##
##### #..##..Y#
##...........#
##≈#.####.......#
#...........#
.#.≈)..##.......##
##..........#
#≈.≈..#≈#........#
##.........#
#..#.⌠..#........##
##.....####
≈≈..≈.(##.........#
#######
###++####.........#
.......###.....W@.#
.....### ##......##
###### ##.##### #..#
##.###### ##.##..####
##.#.....####
#...........###
##...)###......#


You could see a wraith and a sky beast (fleeing).

Vanquished Creatures
  Menkaure (D:4)
  An ogre (D:4)
  2 phantoms
  A jelly (D:4)
  A hound (D:5)
  A bullfrog skeleton (D:5)
  An orc wizard (D:5)
  2 worker ants
  2 hound skeletons
  6 adders
  7 gnolls (D:5)
  2 white imps (D:5)
  A worm (D:3)
  13 dart slugs
  4 leopard geckos
  7 orcs
  3 ball pythons
  4 bats
  2 giant cockroaches
  5 goblins
  5 hobgoblins
  13 jackals
  4 quokkas
  4 frilled lizards
  3 kobolds
  4 rats
99 creatures vanquished.

Notes
Turn   | Place    | Note
-------+----------+-------------------------------------------
     0 | D:1      | jestyr24 the Gargoyle Earth Elementalist began the quest
                  | for the Orb.
     0 | D:1      | Reached XP level 1. HP: 10/10 MP: 3/3
    98 | D:1      | Found a broken altar of Ashenzari.
   596 | D:1      | You fall into a shaft and drop 1 floor!
   599 | D:2      | Reached XP level 2. HP: 15/15 MP: 3/5
   729 | D:2      | Reached XP level 3. HP: 20/20 MP: 1/6
  1470 | D:3      | Reached skill level 1 in Armour
  1477 | D:2      | Reached skill level 1 in Fighting
  1551 | D:3      | Reached XP level 4. HP: 23/25 MP: 3/8
  2468 | D:4      | Reached XP level 5. HP: 29/29 MP: 6/10
  2577 | D:4      | Noticed a phantom
  2603 | D:4      | Killed a phantom
  2604 | D:4      | Reached XP level 6. HP: 13/34 MP: 3/12
  2869 | D:4      | Reached skill level 5 in Earth Magic
  2962 | D:4      | Found an iron altar of Okawaru.
  3026 | D:4      | Found a stormy altar of Qazlal.
  3071 | D:4      | Noticed Menkaure
  3079 | D:4      | Killed Menkaure
  3080 | D:4      | Reached skill level 5 in Spellcasting
  3080 | D:4      | Reached XP level 7. HP: 4/40 MP: 8/14
  3598 | D:5      | Entered Level 5 of the Dungeon
  3700 | D:5      | Found a large runed translucent door.
  3700 | D:5      | Found a large runed translucent door.
  3702 | D:5      | Noticed HilariousDeathArtist's ghost (amateur SpAM)
  4674 | D:6      | Noticed a wraith
  4707 | D:5      | HP: 2/41 [wraith (6)]
  4708 | D:5      | Slain by a wraith

Illustrated notes

Levels and vault maps discovered:
D:1:      nicolae_arrival_memento_mori, layout_rooms, evilmike_ruin_ashenzari
D:2:      layout_basic
D:3:      layout_basic
D:4:      kennysheep_slugbush, layout_cave_pools, okawaru_gym_becter,
          lemuel_coloured_pillars_altar, uniq_menkaure
D:5:      layout_cave_pods, ebering_ghost_disaster_area,
          chequers_serial_rivers_large_a
D:6:      kennysheep_big_flooded_room, layout_gridville, basic_altar

Skill      XL: |  1  2  3  4  5  6  7 |
---------------+----------------------+-----
Earth Magic    | 4 5 |  5.7
Armour         | 1 2 3 |  3.4
Fighting       | 1 2 3 |  3.0
Spellcasting   | 3 4 5 |  5.6
Dodging        | 2 |  2.1
Short Blades   | |  0.1
Stealth        | |  2.4
Transmutations | |  0.7

Action                   |  1- 3 |  4- 6 |  7- 9 || total
-------------------------+-------+-------+-------++-------
Melee: Whip              |    27 |     7 |       ||    34
       Unarmed           |     3 |       |       ||     3
       Short sword       |       |    17 |     2 ||    19
       Staff             |       |       |     1 ||     1
 Cast: Sandblast         |    37 |    72 |    73 ||   182
  Use: Scroll            |       |       |     2 ||     2
       Potion            |       |       |     1 ||     1
Armor: Robe              |    25 |    21 |    26 ||    72
Dodge: Dodged            |    39 |    51 |    43 ||   133

Table legend: (Time is in decaauts)
 A = Elapsed time spent in this place.
 B = Non-inter-level travel time spent in this place.
 C = Inter-level travel time spent in this place.
 D = Time resting spent in this place.
 E = Time spent auto-exploring this place.
 F = Levels seen in this place.
 G = Mean time per level.
                   A        B        C        D        E       F      G
               +--------+--------+--------+--------+--------+-----+--------+
         Total |   4749 |   4423 |    326 |   1610 |   1277 |   6 |  791.5 |
       Dungeon |   4749 |   4423 |    326 |   1610 |   1277 |   6 |  791.5 |
               +--------+--------+--------+--------+--------+-----+--------+

Top non-repeatable levels by time:
     D:4: 1200 daAuts
     D:5: 1079 daAuts
     D:2: 1052 daAuts
     D:3: 775 daAuts
     D:1: 596 daAuts
     D:6: 44 daAuts
